 Dungeon Crawl Stone Soup version 0.30-a0-140-gd1020e658a (webtiles) character file.

Game seed: 722673890093610582

25 Flugkiller the Ruffian (level 2, -7/28 HPs)
             Began as a Troll Warper on Sept 24, 2022.
             Mangled by a gnoll
             ... wielding a +3 vorpal flail
              (10 damage)
             ... on level 1 of the Dungeon.
             The game lasted 00:00:22 (223 turns).

Flugkiller the Ruffian (Troll Warper)                Turns: 223, Time: 00:00:23

Health: -7/28      AC:  4    Str: 18    XL:     2   Next: 86%
Magic:  2/2        EV:  9    Int:  9    God:
Gold:   8          SH:  0    Dex:  9    Spells: 3/3 levels left

rFire   . . .      SeeInvis .      - Unarmed
rCold   . . .      Faith    .    (no shield)
rNeg    . . .      Spirit   .    a - +0 robe
rPois   .          Reflect  .    (helmet restricted)
rElec   .          Harm     .    (no cloak)
rCorr   .          Rampage  .    (gloves unavailable)
Will    .....                    (boots unavailable)
Stlth   +.........               (no amulet)
HPRegen 0.89/turn                (no ring)
MPRegen 0.08/turn                (no ring)

@: no status effects
A: large, unfitting armour, claws 3, regeneration 1, shaggy fur 1, tough skin 1
a: no special abilities


You were on level 1 of the Dungeon.
You visited 1 branch of the dungeon, and saw 1 of its levels.

You collected 8 gold pieces.

Inventory:

Missiles
 c - 7 boomerangs of dispersal (quivered)
Armour
 a - a +0 robe (worn)
Scrolls
 z - a scroll of blinking
Potions
 b - a potion of curing {unknown}
 d - a potion of invisibility {unknown}


   Skills:
 + Level 2.0 Fighting
 - Level 0.8 Throwing
 - Level 1.9 Dodging
 * Level 3.0 Unarmed Combat
 - Level 1.2 Spellcasting
 - Level 2.1 Translocations


You had 3 spell levels left.
You didn't know any spells.
Your spell library contained the following spells:

 Spells                   Type           Power      Damage    Failure   Level
 Blink                    Tloc           8%         N/A       22%         2
 Gell's Gravitas          Tloc           4%         N/A       41%         3
 Lesser Beckoning         Tloc           4%         N/A       41%         3
 Teleport Other           Tloc           4%         N/A       41%         3
 Tukima's Dance           Hex            0%         N/A       73%         3
 Manifold Assault         Tloc           4%         N/A       82%         4
 Passage of Golubria      Tloc           4%         N/A       82%         4
 Yara's Violent Unravell  Hex/Tmut       0%         3d3       100%        5


Dungeon Overview and Level Annotations

Branches:
Dungeon (1/15) Zot: 5778

Altars:


Innate Abilities, Weirdness & Mutations

You are too large for most types of armour.
You have claws for hands.
Your natural rate of healing is unusually fast.
You are covered in fur. (AC +1)
You have tough skin. (AC +1)


Message History

An endoplasm is nearby!
An endoplasm is nearby!
The endoplasm quivers.
You scratch the endoplasm.
The endoplasm is heavily wounded.
The endoplasm hits you but does no damage.
You claw the endoplasm!
You kill the endoplasm!
Your Fighting skill increases to level 2!
No target in view!
No target in view!
No target in view!
No target in view!
No target in view!
No target in view!
No target in view!
You now have 8 gold pieces.
d - a clear potion
Found a hand axe.
You see here a +0 hand axe.
A goblin comes into view. It is wielding a +0 club.
The goblin shouts!
A goblin is nearby!
A dart slug comes into view.
A ball python comes into view.
A frilled lizard comes into view.
The goblin completely misses you.
You closely miss the goblin. The goblin closely misses you.
You closely miss the goblin. You claw the goblin!
You kill the goblin!
You scratch the ball python.
The ball python is severely wounded.
The ball python bites you but does no damage.
You claw the ball python!
You kill the ball python!
You scratch the dart slug.
The dart slug is severely wounded.
The dart slug barely misses you.
You scratch the dart slug.
You kill the dart slug!
Your Unarmed Combat skill increases to level 3!
You barely miss the frilled lizard. The frilled lizard closely misses you.
You barely miss the frilled lizard. The frilled lizard barely misses you.
You closely miss the frilled lizard.
The frilled lizard bites you but does no damage.
You closely miss the frilled lizard. The frilled lizard barely misses you.
You miss the frilled lizard.
The frilled lizard bites you but does no damage.
You claw the frilled lizard!
You kill the frilled lizard!
No target in view!
No target in view!
No target in view!
No target in view!
You see here a ball python corpse.
Things that are here:
a +0 club; a goblin corpse An endoplasm comes into view.
An endoplasm is nearby!
An endoplasm is nearby!
An endoplasm is nearby!
The helpless endoplasm fails to defend itself.
You claw the endoplasm!
You kill the endoplasm!
No target in view!
No target in view!
No target in view!
No target in view!
No target in view!
A gnoll comes into view. It is wielding a +3 vorpal flail.
The gnoll shouts!
A gnoll is nearby!
A gnoll is nearby!
A hobgoblin comes into view.
Found 3 scrolls labelled XACLE UKUODAN.
The hobgoblin shouts!
You hear an angry hiss.
You completely miss the gnoll.
A ball python comes into view.
The gnoll barely misses you.
The hobgoblin drinks a potion.
The hobgoblin seems to speed up.
You claw the gnoll!
The gnoll is severely wounded.
The gnoll hits you with a +3 vorpal flail!
You are too injured to fight recklessly!
You are too injured to fight recklessly!
You are too injured to fight recklessly!
You are too injured to fight recklessly!
You scratch the gnoll.
The gnoll is almost dead.
The hobgoblin hits you but does no damage.
The gnoll hits you with a +3 vorpal flail.
You closely miss the hobgoblin. The hobgoblin barely misses you.
The gnoll hits you with a +3 vorpal flail.
* * * LOW HITPOINT WARNING * * *
x2 You barely miss the hobgoblin.
The hobgoblin hits you.
* * * LOW HITPOINT WARNING * * *
The hobgoblin hits you.
* * * LOW HITPOINT WARNING * * *
The gnoll hits you with a +3 vorpal flail!
You die...

####.......). #
........###.
..##.......##.
###............. #####
#.. ##.......##.
.....####.# ###.†...##..
..........###......###.#
.?....?.........#.## #.#
....S.g@######....####.#
......g######..#####...#
....... #......#####.#.#
....... #.###...........
......# #.# #.##..##>#<#
.....# ##.# #.....###.##
##### #..###.##.## ####
##.###..>### #..#
#..##.##### #


You could see a gnoll, a hobgoblin (fast) and a ball python.

Vanquished Creatures
  A gnoll (D:1)
  A dart slug (D:1)
  5 endoplasms (D:1)
  A goblin (D:1)
  A hobgoblin (D:1)
  3 ball pythons (D:1)
  A frilled lizard (D:1)
  A rat (D:1)
14 creatures vanquished.

Notes
Turn   | Place    | Note
-------+----------+-------------------------------------------
     0 | D:1      | Flugkiller the Troll Warper began the quest for the Orb.
     0 | D:1      | Reached XP level 1. HP: 19/19 MP: 1/1
    37 | D:1      | Reached XP level 2. HP: 4/28 MP: 2/2
   183 | D:1      | Reached skill level 3 in Unarmed Combat
   223 | D:1      | Mangled by a gnoll

Illustrated notes

Levels and vault maps discovered:
D:1:      onia_arrival_handbag, layout_rooms

Skill      XL: |  1  2 |
---------------+-------+-----
Fighting       | 2 |  2.0
Unarmed Combat | 3 |  3.0
Throwing       | |  0.8
Dodging        | |  1.9
Spellcasting   | |  1.2
Translocations | |  2.1

Action                   || total
-------------------------++-------
Melee: Unarmed           ||    40
 Stab: Sleeping          ||     1
Armor: Robe              ||     8
Dodge: Dodged            ||    10

Table legend: (Time is in decaauts)
 A = Elapsed time spent in this place.
 B = Non-inter-level travel time spent in this place.
 C = Inter-level travel time spent in this place.
 D = Time resting spent in this place.
 E = Time spent auto-exploring this place.
 F = Levels seen in this place.
 G = Mean time per level.
                   A        B        C        D        E       F      G
               +--------+--------+--------+--------+--------+-----+--------+
         Total |    221 |    221 |      0 |     22 |    123 |   1 |  221.0 |
       Dungeon |    221 |    221 |      0 |     22 |    123 |   1 |  221.0 |
               +--------+--------+--------+--------+--------+-----+--------+

Top non-repeatable levels by time:
     D:1: 221 daAuts
